 Dungeon Crawl Stone Soup version 0.25.1-2-g60ff931df9 (webtiles) character file.

Game seed: 16829770835408754039

15463 DogServant the Grappler (level 12, -2/100 HPs)
             Began as a Naga Transmuter on Oct 17, 2020.
             Was a Believer of Uskayaw.
             Killed from afar by Jorgrun (46 damage)
             ... with a blast of rock fragments
             ... on level 13 of the Dungeon.
             The game lasted 00:35:47 (18904 turns).

DogServant the Grappler (Naga Transmuter)          Turns: 18904, Time: 00:35:48

Health: -2/100     AC:  7    Str: 17    XL:     12   Next: 27%
Magic:  6/19       EV: 10    Int: 14    God:    Uskayaw [**....]
Gold:   730        SH:  5    Dex: 12    Spells: 6/21 levels left

rFire    + + +     SeeInvis +     - Unarmed
rCold    . . .     Gourm    .   (shield currently unavailable)
rNeg     . . .     Faith    .   h - +2 leather armour "Quopt" {rF+++}
rPois    +         Spirit   .   (no helmet)
rElec    .         Reflect  +   (no cloak)
rCorr    .         Harm     .   (gloves currently unavailable)
MR       +....                  (no barding)
Stlth    +.........             E - amulet of reflection
HPRegen  0.26/turn              f - ring of protection from fire
MPRegen  0.16/turn              (no ring)

@: blade hands, very slightly contaminated, very slow
A: large, see invisible, deformed body, poison resistance, slowness 2, slow
metabolism 1, spit poison 1, AC +4
a: Spit Poison, End Transformation, Stomp, Line Pass, Renounce Religion


You were on level 13 of the Dungeon.
You worshipped Uskayaw.
Uskayaw was aware of your devotion.
You were not hungry.
You had blades for hands.
You visited 2 branches of the dungeon, and saw 14 of its levels.

You collected 795 gold pieces.
You spent 65 gold pieces at shops.

Inventory:

Hand Weapons
 e - a +1 rapier of flaming
Missiles
 a - 308 arrows
 n - 61 poisoned darts
Armour
 b - a +1 robe
 h - the +2 leather armour "Quopt" (worn) {rF+++}
   (You found it on level 7 of the Dungeon)

   It renders you almost immune to fire.
 j - a +3 scale mail
 v - a +0 kite shield
Jewellery
 f - a ring of protection from fire (left scythe-like blade)
 l - an uncursed ring of ice
 w - an uncursed ring of fire
 E - an amulet of reflection (around neck)
Wands
 o - a wand of random effects (10)
 r - a wand of flame (30)
 y - a wand of iceblast (7)
 C - a wand of acid (8)
 D - a wand of polymorph (11)
Scrolls
 g - 3 scrolls of remove curse
 m - 2 scrolls of immolation {unknown}
 p - a scroll of blinking
 q - 2 scrolls of teleportation (quivered)
 x - a scroll of enchant weapon
 B - a scroll of fear
Potions
 c - 2 potions of lignification
 i - 3 potions of flight
 k - 3 potions of curing
 s - a potion of mutation {unknown}
 t - 2 potions of haste
 u - a potion of stabbing
 z - a potion of resistance
 A - a potion of magic
Comestibles
 d - 6 rations


   Skills:
 + Level 4.7 Fighting
 - Level 3.5 Armour
 + Level 3.4 Dodging
 - Level 11.0 Unarmed Combat
 - Level 5.2 Spellcasting
 - Level 9.0 Transmutations
 + Level 8.3 Poison Magic
 + Level 9.5 Invocations


You had 6 spell levels left.
You knew the following spells:

 Your Spells              Type           Power        Failure   Level  Hunger
a - Beastly Appendage     Tmut           ####..       12%         1    None
b - Sticks to Snakes      Tmut           ####....     14%         2    ##.....
c - Spider Form           Tmut/Pois      ####......   21%         3    ###....
d - Blade Hands           Tmut           ####......   54%         5    ######.
e - Olgreb's Toxic Radia  Pois           ####....     38%         4    ####...

Your spell library contained the following spells:

 Spells                   Type           Power        Failure   Level  Hunger
 Sting                    Tmut/Pois      ####         12%         1    None
 Poisonous Vapours        Pois/Air       ###...       34%         2    ##.....
 Ignite Poison            Fire/Tmut/Pois ###.....     34%         3    ###....
 Mephitic Cloud           Conj/Pois/Air  ##......     61%         3    ###....
 Foxfire                  Conj/Fire      #...         63%         1    None
 Ice Form                 Ice/Tmut       ###.....     75%         4    ####...
 Conjure Flame            Conj/Fire      #.......     88%         3    ###....
 Inner Flame              Hex/Fire       #.......     88%         3    ###....
 Sticky Flame             Conj/Fire      #.......     99%         4    ####...
 Fireball                 Conj/Fire      #.........   100%        5    ######.


Dungeon Overview and Level Annotations

Branches:
Dungeon (13/15)            Temple (1/1) D:5            Lair (0/6) D:11
    Orc (0/2) D:11
 Vaults: D:13-14

Altars:
Ashenzari
Cheibriados
Dithmenos
Elyvilon
Fedhas
Gozag
Hepliaklqana
Kikubaaqudgha
Makhleb
Nemelex Xobeh
Okawaru
Qazlal
Ru
Sif Muna
Trog
Uskayaw
Vehumet
Wu Jian
Xom
Yredelemnul
Zin
The Shining One

Shops:
D:5 !

Portals:
Trove: D:10 (give +6 demon blade)

Annotations:
D:6 4 runed translucent doors
D:13 Jorgrun


Innate Abilities, Weirdness & Mutations

You cannot wear boots.
Your serpentine skin is tough. (AC +4)
You have supernaturally acute eyesight. (SInv)
Armour fits poorly on your strangely shaped body.
Your system is resistant to poisons. (rPois)
You cover ground very slowly.
You have a slow metabolism.
You can spit poison.


Message History

Jorgrun hits you with an uncursed staff of earth!
The human closely misses you. You block Jorgrun's attack.
You completely miss Jorgrun.
Jorgrun is lightly wounded.
The human looks more healthy.
You slice Jorgrun!! You slash Jorgrun.
Jorgrun is moderately wounded.
Jorgrun hits you but does no damage. Jorgrun crushes you!!
You can now pass through a line of other dancers.
Your leather armour "Quopt" prevents you from hitting Jorgrun.
Jorgrun is moderately wounded.
The human hits you.
Jorgrun hits you with an uncursed staff of earth!
Jorgrun crushes you. The human hits you.
You barely miss Jorgrun.
Jorgrun is moderately wounded.
The human hits you. Jorgrun gestures at you while chanting.
The wall shatters!
The blast of rock fragments hits you!!!
You die...

#.## ........' #.##
........' #.## ........'
#.## ........# #.##
........# #.## ........#
#.## ......pg# #.##
......p@# #.## ........#
#.## ........# #.##
........#############.##
......................##
.......†########..######
........# #..# #
........# #..# #
........# #..# #


You could see Jorgrun (poisoned) and 2 humans.

Vanquished Creatures
  3 two-headed ogres
  An unseen horror (D:12)
  Pikel (D:8)
  A deep elf mage (D:12)
  2 ugly things
  A cyclops (D:10)
  Maurice (D:8)
  Joseph (D:8)
  A centaur zombie (D:9)
  Psyche (D:8)
  A merfolk (D:10)
  2 trolls
  A hornet (shapeshifter) (D:13)
  5 hippogriffs
  2 shadows (D:11)
  9 yaks
  4 vampire mosquitoes (D:12)
  4 orc warriors
  6 ice beasts
  2 sky beasts
  3 phantoms
  A necrophage (D:5)
  3 ogres
  6 centaurs
  A big kobold (D:12)
  8 bullfrogs
  5 scorpions
  14 killer bees
  8 howler monkeys
  8 crimson imps
  3 bullfrog zombies
  4 jellies
  2 quasits
  4 hounds
  9 orc priests
  14 orc wizards
  A centaur skeleton (D:7)
  A bullfrog skeleton (D:12)
  3 iguanas
  10 worker ants
  2 hound zombies (D:8)
  A hound skeleton (D:11)
  A howler monkey zombie (D:6)
  8 adders
  5 gnolls
  2 shadow imps
  2 oozes
  An adder zombie (D:9)
  2 adder skeletons (D:7)
  A worm (D:2)
  A dart slug (D:3)
  7 leopard geckos
  41 orcs
  2 ball pythons
  6 bats
  6 giant cockroaches
  13 goblins
  9 hobgoblins
  7 jackals (D:5)
  15 kobolds
  3 quokkas
  4 frilled lizards
  A leopard gecko skeleton (D:8)
  A leopard gecko zombie (D:5)
  9 rats
307 creatures vanquished.

Vanquished Creatures (others)
  An orc (D:8)
1 creature vanquished.

Grand Total: 308 creatures vanquished

Notes
Turn   | Place    | Note
-------+----------+-------------------------------------------
     0 | D:1      | DogServant the Naga Transmuter began the quest for the Orb.
     0 | D:1      | Reached XP level 1. HP: 18/18 MP: 3/3
   416 | D:1      | Reached XP level 2. HP: 25/25 MP: 5/5
  1179 | D:1      | Reached XP level 3. HP: 20/31 MP: 4/6
  1930 | D:2      | Reached skill level 4 in Unarmed Combat
  1930 | D:2      | Reached XP level 4. HP: 39/39 MP: 7/7
  2898 | D:3      | Reached XP level 5. HP: 7/46 MP: 8/8
  3642 | D:3      | Reached skill level 5 in Unarmed Combat
  4202 | D:3      | Found a faded altar of an unknown god.
  4427 | D:4      | Reached XP level 6. HP: 35/56 MP: 7/9
  4431 | D:4      | Learned a level 2 spell: Sticks to Snakes
  5214 | D:5      | Entered Level 5 of the Dungeon
  5214 | D:5      | Found a hazy altar of Hepliaklqana.
  5214 | D:5      | Found a staircase to the Ecumenical Temple.
  5265 | D:5      | Found Inenasoq's Distillery.
  5272 | D:5      | Noticed a necrophage
  5273 | D:5      | Bought a potion of heal wounds for 65 gold pieces
  5287 | D:5      | Killed a necrophage
  5363 | D:5      | Reached XP level 7. HP: 55/59 MP: 8/10
  5497 | D:5      | Reached skill level 6 in Unarmed Combat
  5675 | D:5      | Reached skill level 5 in Transmutations
  6187 | D:5      | Reached XP level 8. HP: 45/66 MP: 11/11
  6195 | D:5      | Reached skill level 7 in Unarmed Combat
  6631 | Temple   | Entered the Ecumenical Temple
  6775 | Temple   | Became a worshipper of Uskayaw the Reveler
  6940 | D:6      | Reached * piety under Uskayaw
  6945 | D:6      | Reached ** piety under Uskayaw
  7122 | D:6      | Got a translucent flail
  7123 | D:6      | Identified the +4 flail of the Shark {freeze, rF+ Int-4
                  | Dex+3} (You found it on level 6 of the Dungeon)
  7237 | D:6      | Found a large runed translucent door.
  7237 | D:6      | Found a large runed translucent door.
  7252 | D:6      | Noticed a hippogriff
  7259 | D:6      | Learned a level 3 spell: Spider Form
  7276 | D:6      | Reached *** piety under Uskayaw
  7286 | D:6      | Reached **** piety under Uskayaw
  7729 | D:6      | Learned a level 5 spell: Blade Hands
  7841 | D:6      | Reached skill level 1 in Poison Magic
  7841 | D:6      | Reached skill level 1 in Invocations
  7935 | D:6      | Found a large runed translucent door.
  7935 | D:6      | Found a large runed translucent door.
  7948 | D:6      | Noticed a troll
  8194 | D:7      | Reached skill level 8 in Unarmed Combat
  8419 | D:7      | Reached XP level 9. HP: 56/75 MP: 10/12
  8967 | D:7      | Got a distressingly furry leather armour
  9275 | D:7      | Noticed a two-headed ogre
  9373 | D:8      | Noticed Joseph
  9384 | D:8      | Killed Joseph
  9545 | D:8      | Identified the +2 leather armour "Quopt" {rF+++} (You found
                  | it on level 7 of the Dungeon)
  9690 | D:8      | Noticed Maurice
  9704 | D:8      | Killed Maurice
  9704 | D:8      | Reached skill level 1 in Armour
  9708 | D:8      | Reached skill level 9 in Unarmed Combat
 10100 | D:8      | Found a glowing golden altar of the Shining One.
 10128 | D:8      | Reached XP level 10. HP: 32/84 MP: 4/13
 10344 | D:8      | Noticed a two-headed ogre
 10370 | D:8      | Killed a two-headed ogre
 10370 | D:8      | Reached skill level 5 in Invocations
 10494 | D:8      | Noticed Psyche
 10510 | D:8      | Killed Psyche
 10853 | D:8      | Noticed Pikel
 10864 | D:8      | Killed Pikel
 12057 | D:9      | Reached skill level 10 in Unarmed Combat
 12835 | D:10     | Entered Level 10 of the Dungeon
 13180 | D:10     | Reached XP level 11. HP: 65/90 MP: 10/16
 13371 | D:10     | Noticed a cyclops
 13384 | D:10     | Killed a cyclops
 13686 | D:10     | Found a basalt altar of Yredelemnul.
 13743 | D:10     | Learned a level 4 spell: Olgreb's Toxic Radiance
 14308 | D:10     | Found a portal to a secret trove of treasure.
 14383 | D:10     | Reached skill level 5 in Poison Magic
 14856 | D:11     | Found a staircase to the Lair.
 15314 | D:11     | Noticed a two-headed ogre
 15318 | D:11     | Killed a two-headed ogre
 15328 | D:11     | Noticed a two-headed ogre
 15344 | D:11     | Killed a two-headed ogre
 15344 | D:11     | Reached skill level 5 in Spellcasting
 15348 | D:11     | Reached ***** piety under Uskayaw
 15351 | D:11     | Reached skill level 11 in Unarmed Combat
 16023 | D:11     | Found a staircase to the Orcish Mines.
 16051 | D:11     | Noticed a purple ugly thing
 16056 | D:11     | Killed a purple ugly thing
 16712 | D:12     | Noticed a purple ugly thing
 16722 | D:12     | Killed a purple ugly thing
 16868 | D:12     | Noticed a deep elf mage
 16877 | D:12     | Killed a deep elf mage
 16877 | D:12     | Reached XP level 12. HP: 29/99 MP: 14/19
 18650 | D:13     | Noticed a tengu warrior
 18895 | D:13     | Noticed Jorgrun
 18904 | D:13     | Killed from afar by Jorgrun

Illustrated notes

Levels and vault maps discovered:
D:1:      minmay_arrival_split_and_join, layout_loops_cross
D:2:      layout_loops_cross
D:3:      minmay_door_path, layout_basic, chequers_ecumenical_altar_island,
          kennysheep_another_room, st_stairs_5, minmay_misc_feat_columns,
          minmay_crystal_water
D:4:      layout_rooms, first_ration, chequers_serial_rivers_micro_a
D:5:      lemuel_upstairs_altar, layout_basic, overflow_temple_1_default,
          minmay_temple_entry_stoned_glass, serial_shops, nicolae_shop_stone
D:6:      layout_basic, hangedman_decor_opposing,
          chequers_serial_rivers_small_a, minmay_hollow_rounded_squares
D:7:      layout_basic, serial_rivers, chequers_serial_rivers_large_b,
          chequers_serial_rivers_small_b, chequers_serial_rivers_micro_b,
          chequers_serial_rivers_small_3
D:8:      layout_basic, basic_altar, uniq_maurice, uniq_joseph, uniq_pikel,
          uniq_psyche
D:9:      layout_cave_pools, serial_co_window_serial, co_window_paths_b,
          co_window_corner_a, co_window_corner_a, co_window_paths_a,
          co_window_paths_a, co_window_paths_c, co_window_paths_c,
          co_window_of_opportunity_c, co_window_paths_c, glass_columns_a,
          glass_columns_b, glass_columns_b, glass_columns_b
D:10:     layout_long_grid, enter_trove_3, hangedman_fish_farm,
          yredelemnul_altar_generic
D:11:     layout_stronghold, lair_entry_dummy, orc_0_dummy,
          gauntlet_entry_generic
D:12:     layout_cave_pods
D:13:     layout_long_grid, grunt_vaults_entry_tiered, uniq_jorgrun
Temple:   kilobyte_greek_temple

Skill      XL: |  1  2  3  4  5  6  7  8  9 10 11 12 |
---------------+-------------------------------------+-----
Fighting       | 2 3 4 |  4.7
Unarmed Combat | 4 5 6 8 9 10 11 | 11.0
Transmutations | 3 4 5 7 8 9 |  9.0
Poison Magic   | 2 4 7 8 |  8.3
Invocations    | 2 4 7 9 |  9.5
Armour         | 2 3 |  3.5
Spellcasting   | 3 5 |  5.2
Dodging        | 2 3 |  3.4

Action                   |  1- 3 |  4- 6 |  7- 9 | 10-12 || total
-------------------------+-------+-------+-------+-------++-------
Melee: Unarmed           |   100 |    44 |   135 |   373 ||   652
       Headbutt          |     3 |     9 |    26 |       ||    38
       Punch             |     1 |       |    11 |    10 ||    22
       Flail             |       |    31 |    63 |       ||    94
       Dagger            |       |    33 |    57 |       ||    90
       Rapier            |       |     6 |    41 |       ||    47
 Cast: Beastly Appendage |    15 |    16 |    23 |     4 ||    58
       Sticks to Snakes  |       |     1 |     2 |       ||     3
       Blade Hands       |       |       |    10 |    56 ||    66
       Olgreb's Toxic Ra |       |       |       |     1 ||     1
Invok: Stomp             |       |       |     5 |     5 ||    10
       Line Pass         |       |       |     3 |     1 ||     4
 Abil: Spit Poison       |    15 |    22 |    24 |     8 ||    69
  Use: Scroll            |       |    12 |    11 |     6 ||    29
       Potion            |       |     1 |     7 |       ||     8
 Stab: Sleeping          |     2 |     1 |     1 |       ||     4
       Paralysed         |       |       |     5 |    16 ||    21
       Confused          |       |       |     1 |     1 ||     2
  Eat: Chunk             |     3 |     9 |     9 |    19 ||    40
       Ration            |       |       |     4 |     9 ||    13
Armor: Robe              |    16 |    15 |    64 |       ||    95
       Skin              |       |       |    28 |       ||    28
       Leather armour    |       |       |    19 |   120 ||   139
Dodge: Dodged            |    69 |    48 |   161 |   175 ||   453
Block: Other             |       |       |       |    56 ||    56
